 Dungeon Crawl Stone Soup version 0.22-a0-283-g1871b15 (webtiles) character file.

2 4thArraOfDagon the Grasshopper (level 1, -4/16 HPs)
             Began as a Formicid Warper on Mar 18, 2018.
             Killed by nerve-wracking pain
             ... invoked by a shadow imp
              (9 damage)
             ... on level 5 of the Dungeon.
             The game lasted 00:00:40 (127 turns).

4thArraOfDagon the Grasshopper (Formicid Warper)     Turns: 127, Time: 00:00:40

Health: -4/16      AC:  5    Str: 15    XL:     1   Next: 33%
Magic:  3/3        EV: 11    Int: 12    God:
Gold:   13         SH:  0    Dex: 10    Spells: 4/4 levels left

rFire    . . .     SeeInvis +   a - +0 falchion
rCold    . . .     Gourm    .   (no shield)
rNeg     . . .     Faith    .   g - +0 ring mail
rPois    .         Spirit   .   (helmet unavailable)
rElec    .         Reflect  .   (no cloak)
rCorr    .         Harm     .   (no gloves)
MR       .....                  (no boots)
Stlth    ..........             (no amulet)
HPRegen  0.05/turn              (no ring)
MPRegen  0.08/turn              (no ring)

@: very slightly contaminated, invisible
A: permanent stasis, dig shafts and tunnels, four strong arms, antennae 3
a: Dig, Shaft Self


You were on level 5 of the Dungeon.
You were not hungry.

You visited 1 branch of the dungeon, and saw 4 of its levels.

You collected 13 gold pieces.

Inventory:

Hand Weapons
 a - a +0 falchion (weapon)
 c - a +2 antimagic dagger
Missiles
 e - 5 tomahawks of dispersal (quivered)
Armour
 b - a +0 leather armour
 g - a +0 ring mail (worn)
Scrolls
 d - a scroll of blinking
Comestibles
 f - a ration


   Skills:
 - Level 2.1 Fighting
 * Level 2.2 Long Blades
 - Level 1.0 Throwing
 - Level 1.1 Armour
 - Level 1.7 Dodging
 - Level 2.1 Spellcasting
   Level 2.6 Translocations


You had 4 spell levels left.
You didn't know any spells.

Dungeon Overview and Level Annotations

Branches:
Dungeon (2/15)

Altars:


Innate Abilities, Weirdness & Mutations

You cannot be hasted, slowed, berserked, paralysed or teleported.
You can dig through walls and to a lower floor.
Your four strong arms can wield two-handed weapons with a shield.
You have a pair of large antennae on your head. (SInv)


Message History

The shadow imp completely misses you.
You are too injured to fight recklessly!
You closely miss the shadow imp.
The shadow imp is heavily wounded.
The shadow imp hits you but does no damage.
Unknown command.
You closely miss the shadow imp.
The shadow imp is heavily wounded.
The shadow imp hits you.
Unknown command.
You hit the shadow imp.
The shadow imp is severely wounded.
The shadow imp hits you.
Unknown command.
Unknown command.
Unknown command.
The shadow imp gestures at you. Pain shoots through your body!
Ouch! That really hurt!
You die...

#.# ###.# { ##.#.#
#.#..# ##.##.#
#####
##.....#.....#
##.5>..........
#..##>.............
#.....@...........
####.!............
#..............
#..............
...............
###.............
##.....#..
......###


You could see a shadow imp.

Vanquished Creatures
  A hobgoblin (D:2)
  A frilled lizard (D:2)
2 creatures vanquished.

Notes
Turn   | Place    | Note
-------+----------+-------------------------------------------
     0 | D:1      | 4thArraOfDagon the Formicid Warper began the quest for the Orb.
     0 | D:1      | Reached XP level 1. HP: 16/16 MP: 3/3
    14 | D:1      | You fall through a shaft!
   100 | D:2      | You fall through a shaft for 2 floors!
   100 | D:4      | Noticed a hippogriff
   107 | D:4      | You fall through a shaft!
   107 | D:5      | Entered Level 5 of the Dungeon
   127 | D:5      | Killed from afar by a shadow imp

Vault maps used:
D:1:      scummos_arrival_forest
D:2:      chequers_temple_overflow_statue_of_worship, uniq_robin
D:4:      minmay_temple_entry_statues_pillars, first_ration
D:5:      minitemple, serial_shops, shop, shop, uniq_pikel

Action                   || total
-------------------------++-------
Melee: Falchion          ||    15
 Abil: Shaft Self        ||     3
       Dig               ||     1
  Use: Potion            ||     1
Armor: Ring mail         ||     3
Dodge: Dodged            ||     9
       Rpst.: Falchion   ||     2

Table legend:
 A = Spawn XP
 B = Non-spawn XP
 C = Spawn XP percentage of total XP
 D = Spawn monster count
 E = Non-spawn monster count
 F = Spawn count percentage of total count
 G = Total turns spent on level
                    A         B        C        D         E        F      G
               +---------+---------+-------+---------+---------+-------+---------
         Total |       0 |       3 |   0.0 |       0 |       2 |   0.0 |   127
               +---------+---------+-------+---------+---------+-------+---------
           D:2 |       0 |       3 |   0.0 |       0 |       2 |   0.0 |    86
               +---------+---------+-------+---------+---------+-------+---------
